 Dungeon Crawl Stone Soup version 0.29.1-1-gd02db6906a (webtiles) character file.

Game seed: 5241465504239180254

89 xian the Conjurer (level 4, -3/42 HPs)
             Began as a Troll Wanderer on Oct 4, 2022.
             Slain by Grinder (5 damage)
             ... on level 3 of the Dungeon on Oct 5, 2022.
             The game lasted 00:08:00 (1676 turns).

xian the Conjurer (Troll Wanderer)                  Turns: 1676, Time: 00:08:00

Health: -3/42      AC:  6    Str: 19    XL:     4   Next: 31%
Magic:  4/4        EV:  8    Int:  9    God:
Gold:   87         SH:  7    Dex: 11    Spells: 4/5 levels left

rFire   . . .      SeeInvis .   i - +0 short sword
rCold   . . .      Faith    .   b - +0 kite shield
rNeg    . . .      Spirit   .   d - +0 robe
rPois   .          Reflect  .   (helmet restricted)
rElec   .          Harm     .   m - +1 cloak
rCorr   .          Rampage  .   (gloves unavailable)
Will    .....                   (boots unavailable)
Stlth   +.........              (no amulet)
HPRegen 0.94/turn               (no ring)
MPRegen 0.09/turn               (no ring)

@: brilliant, on berserk cooldown, flying, slowed, very slow
A: large, unfitting armour, claws 3, regeneration 1, shaggy fur 1, tough skin 1
a: no special abilities


You were on level 3 of the Dungeon.
You visited 1 branch of the dungeon, and saw 3 of its levels.

You collected 87 gold pieces.

Inventory:

Hand Weapons
 i - a +0 short sword (weapon)
Armour
 b - a +0 kite shield (worn)
 d - a +0 robe (worn)
 m - a +1 cloak (worn)
Jewellery
 a - a ring of magical power
Wands
 k - a wand of polymorph (3)
Scrolls
 e - 2 scrolls of butterflies
 h - a scroll of magic mapping
 j - a scroll of immolation {unknown}
 l - 3 scrolls of amnesia {unknown}
 o - a scroll of identify {unknown}
Potions
 c - 2 potions of might
 f - a potion of invisibility {unknown}
 g - a potion of brilliance
 p - a potion of mutation {unknown}
 r - a potion of flight


   Skills:
 + Level 1.8 Fighting
 + Level 1.1 Short Blades
 + Level 0.6 Maces & Flails
 + Level 1.1 Dodging
 + Level 1.7 Shields
 + Level 1.2 Spellcasting
 + Level 4.1 Conjurations


You had 4 spell levels left.
You knew the following spells:

 Your Spells              Type           Power      Damage    Failure   Level
a - Shock                 Conj/Air       24%        1d4       36%         1

Your spell library contained the following spells:

 Spells                   Type           Power      Damage    Failure   Level
 Conjure Flame            Conj/Fire      6%         6-21      75%         3
 Ensorcelled Hibernation  Hex/Ice        0%         N/A       80%         2
 Passwall                 Tmut/Erth      0%         N/A       80%         2
 Mephitic Cloud           Conj/Pois/Air  4%         N/A       83%         3
 Swiftness                Air            0%         N/A       95%         3


Dungeon Overview and Level Annotations

Branches:
Dungeon (3/15)

Altars:
Sif Muna

Shops:
D:1 :

Annotations:
D:3 Grinder


Innate Abilities, Weirdness & Mutations

You are too large for most types of armour.
You have claws for hands.
Your natural rate of healing is unusually fast.
You are covered in fur. (AC +1)
You have tough skin. (AC +1)


Message History

* * * LOW HITPOINT WARNING * * *
You hit Grinder but do no damage.
Grinder is moderately wounded.
You block Grinder's attack. Grinder hits you.
* * * LOW HITPOINT WARNING * * *
You writhe in agony.
* * * LOW HITPOINT WARNING * * *
As you read the scroll labelled BUITTE MESEBB, it crumbles to dust.
You feel aware of your surroundings.
You sensed 1 altar.
It was a scroll of magic mapping.
Grinder blinks!
You see here a large rock.
q - a large rock Grinder says, "Don't move a muscle."
You are too injured to fight recklessly!
Throw: large rock
Press: ? - help, Q - select action, (/) - cycle Shift-Dir - straight line, f/p - Grinder
Aim: Grinder (moderately wounded, 50% to hit)
You throw a large rock. The large rock closely misses Grinder.
Grinder gestures at you. Pain shoots through your body!
* * * LOW HITPOINT WARNING * * *
Grinder gestures at you. Pain shoots through your body!
* * * LOW HITPOINT WARNING * * *
It was a potion of flight.
You feel very buoyant.
You fly up into the air.
You block Grinder's attack.
It was a potion of brilliance.
You feel clever all of a sudden. Grinder completely misses you.
It was a potion of berserk rage.
A red film seems to cover your vision as you go berserk!
You feel yourself moving faster!
You feel mighty!
Grinder blinks!
You feel a strong urge to attack something.
You feel your anger nearly subside.
You are no longer berserk.
You are exhausted.
You feel yourself slow down. Grinder hits you.
* * * LOW HITPOINT WARNING * * *
You writhe in agony.
You die...

*,**,,,**,* *,,,,,,* *
*,,,,,,##.* *,****,* *
**,,,,,...* *,* *,****
*,,,,,,..**###**,* *,,,,,
*,,,,,,..,,...,,,* *****,
*,#,,,*#.**#.#**** **
*,#..,*#.* #.# *
****,,,#..#.###.## *
*,,,,,*##..5@....##########
*
*,**,,,#..(..>............#
*
*,**,#........#..########.#
* *,**,##..........# #.# *
*,**,............# #.#
*,,,*##........#.# #.#
***,* #.#.....##.# #.# *,*
#.#....###.#**** #.# *,*
*,#.#.#* #..,,,* ##.##


You could see Grinder.

Vanquished Creatures
  Jessica (D:2)
  2 adders (D:3)
  A worm (D:3)
  2 dart slugs (D:2)
  3 endoplasms
  2 giant cockroaches
  5 goblins
  2 hobgoblins
  3 jackals (D:2)
  A quokka (D:2)
  5 ball pythons
  4 bats
  2 frilled lizards
  4 kobolds
  A rat (D:2)
38 creatures vanquished.

Notes
Turn   | Place    | Note
-------+----------+-------------------------------------------
     0 | D:1      | xian the Troll Wanderer began the quest for the Orb.
     0 | D:1      | xian set off with the following items: a +0 club, a +0 kite
                  | shield, a potion of might, a +0 robe, a scroll of
                  | butterflies; and the following spell memorised: Shock; and
                  | the following spells available to memorise: Conjure Flame,
                  | Mephitic Cloud.
     0 | D:1      | Reached XP level 1. HP: 19/19 MP: 1/1
   208 | D:1      | Found Dapn's Book Boutique.
   288 | D:1      | Reached skill level 4 in Conjurations
   501 | D:1      | Reached XP level 2. HP: 19/27 MP: 0/2
  1064 | D:2      | Noticed Jessica
  1082 | D:2      | Reached XP level 3. HP: 18/33 MP: 0/3
  1089 | D:2      | Killed Jessica
  1457 | D:3      | Reached skill level 1 in Short Blades
  1457 | D:3      | Reached skill level 1 in Dodging
  1457 | D:3      | Reached XP level 4. HP: 33/42 MP: 1/4
  1525 | D:3      | Found a faded altar of an unknown god.
  1529 | D:3      | Found a shimmering blue altar of Sif Muna.
  1656 | D:3      | Noticed Grinder
  1670 | D:3      | HP: 1/42 [Grinder/nerve-wracking pain (6)]
  1676 | D:3      | HP: 2/42 [Grinder (3)]
  1676 | D:3      | Slain by Grinder

Illustrated notes

Levels and vault maps discovered:
D:1:      amcnicky_arrival_wind_blow, layout_loops_ring, serial_shops, shop
D:2:      layout_rooms, uniq_jessica
D:3:      layout_loops_ring, nicolae_overflow_ecumenical_swirl,
          hellmonk_ecumenical_altar_run_dry, glass_columns_b, uniq_grinder

Skill      XL: |  1  2  3 |
---------------+----------+-----
Conjurations   | 4 |  4.1
Short Blades   | 1 |  1.1
Dodging        | 1 |  1.1
Fighting       | |  1.8
Maces & Flails | |  0.6
Shields        | |  1.7
Spellcasting   | |  1.2

Action                   |  1- 3 |  4- 6 || total
-------------------------+-------+-------++-------
Melee: Club              |    26 |       ||    26
       Short sword       |   142 |    46 ||   188
Throw: Large rock        |       |     3 ||     3
 Cast: Shock             |    18 |       ||    18
  Use: Potion            |       |     3 ||     3
       Scroll            |       |     1 ||     1
 Stab: Sleeping          |     1 |       ||     1
Armor: Robe              |   133 |    20 ||   153
Dodge: Dodged            |    96 |    21 ||   117
Block: Kite shield       |    84 |    17 ||   101
